 Dungeon Crawl Stone Soup version 0.31-a0-321-g19405a7a6a (webtiles) character file.

Game seed: 13421659506511690006

96 LeprechaunX the Changeling (level 4, -1/30 HPs)
             Began as an Octopode Shapeshifter on July 17, 2023.
             Slain by a jelly (2 damage)
             ... on level 2 of the Dungeon.
             The game lasted 00:02:08 (1235 turns).

LeprechaunX the Changeling (Octopode Shapeshifter)  Turns: 1235, Time: 00:02:09

Health: -1/30      AC: -7    Str: 16    XL:     4   Next: 67%
Magic:  4/4        EV: 13    Int: 10    God:
Gold:   121        SH:  0    Dex: 12    Spells: 3/3 levels left

rFire   . .          .
                       - Unarmed
rCold   . . .        (no shield)
rNeg    . . .        h - melded +2 hat
rPois   .            (no amulet)
rElec   .            (no ring)
rCorr   .            (no ring)
SInv    .            (no ring)
Will    .....        (no ring)
Stlth   ++           (no ring)
HPRegen 0.25/turn    (no ring)
MPRegen 0.09/turn    (no ring)
                     (no ring)

%: no passive effects
@: beast-form, corroded
A: beast (slay +2), almost no armour, amphibious, 8 rings, camouflage 1,
gelatinous body 1, (nimble swimmer 1), tentacles
a: Begin Untransformation


You were on level 2 of the Dungeon.
You were a hulking beast.
You visited 1 branch of the dungeon, and saw 2 of its levels.

You collected 121 gold pieces.

Inventory:

Missiles
 k - 6 poisoned darts
Armour
 h - a +2 hat (melded)
Talismans
 b - a beast talisman
 g - a serpent talisman
Scrolls
 d - 2 scrolls of revelation {unknown}
 e - a scroll of silence {unknown}
 f - a scroll of fear {unknown}
 i - a scroll of identify {unknown}
 j - a scroll of torment {unknown}
Potions
 a - a potion of lignification
 c - a potion of degeneration {unknown}


   Skills:
 + Level 2.5 Fighting
 + Level 2.5 Dodging
 * Level 3.2 Unarmed Combat
 * Level 3.6 Shapeshifting


You had 3 spell levels left.
You didn't know any spells.
Your spell library was empty.

Dungeon Overview and Level Annotations

Branches:
Dungeon (2/15)

Altars:


Innate Abilities, Weirdness & Mutations

You are a hulking beast.
Your limbs bulge with bestial killing power. (Slay +2)
You cannot wear most types of armour.
You are amphibious.
You can wear up to eight rings at the same time.
Your skin changes colour to match your surroundings (Stealth+).
Your rubbery body absorbs attacks. (AC +1, EV +1)
((You are camouflaged when in or above water. (Stealth+)))
You have tentacles for arms and can constrict up to eight enemies at once.


Message History

Things that are here:
a +0 club; 2 stones; a kobold corpse You tentacle-slap the endoplasm.
The endoplasm is severely wounded.
The endoplasm completely misses you.
You tentacle-slap the endoplasm.
You kill the endoplasm!
No target in view!
No target in view!
The jelly quivers. x2; The endoplasm quivers.
There is an open door here.
The endoplasm attacks as you move away!
The endoplasm hits you but does no damage.
Things that are here:
a +0 club; 2 stones; a kobold corpse You tentacle-slap the endoplasm.
You squeeze the endoplasm.
You kill the endoplasm!
You tentacle-slap the endoplasm. x2
You kill the endoplasm!
The endoplasm closely misses you.
You tentacle-slap the endoplasm.
You kill the endoplasm!
The jelly barely misses you.
You tentacle-slap the jelly. The acid corrodes you!
Your tentacles burn!
The jelly is moderately wounded.
The jelly hits you.
You are splashed with acid!
You tentacle-slap the jelly.
Your tentacles burn!
You squeeze the jelly!
The jelly is almost dead.
The jelly barely misses you.
You are too injured to fight recklessly!
You tentacle-slap the jelly.
You kill the jelly!
You tentacle-slap the jelly.
Your tentacles burn!
The jelly is lightly wounded.
The jelly hits you.
* * * LOW HITPOINT WARNING * * *
The acid corrodes you!
You are splashed with acid!
* * * LOW HITPOINT WARNING * * *
The jelly attacks as you move away! The jelly hits you.
You die...

############ ###
#######.##J÷...$#
#########....#.#.#JJP..P#
##....##.....#.#.#......#
##....'......#'#.#..JPPP#
##...†'........#)#J.....#
##....'........#.#.÷.P..#
##....##.......#h#÷..÷..#######
##....###.)....##JJ....P##....#
##..).# ##########.....÷##.##.#
##....######## #########.##.#
##....#......#############....#
##.#.#)####.#..............###
#.#.).......................#
#.###.####................#.#
#...#....##################.#


You could see a jelly and an endoplasm.

Vanquished Creatures
  A jelly (D:2)
  An adder (D:2)
  2 worms (D:2)
  3 bats
  10 endoplasms
  4 giant cockroaches (D:1)
  2 goblins (D:1)
  2 hobgoblins
  3 jackals (D:2)
  14 kobolds
  A ball python (D:1)
  2 frilled lizards (D:1)
  2 rats
47 creatures vanquished.

Notes
Turn   | Place    | Note
-------+----------+-------------------------------------------
     0 | D:1      | LeprechaunX the Octopode Shapeshifter began the quest for
                  | the Orb.
     0 | D:1      | Reached XP level 1. HP: 14/14 MP: 1/1
   116 | D:1      | Reached XP level 2. HP: 15/19 MP: 2/2
   663 | D:1      | Reached XP level 3. HP: 24/24 MP: 3/3
  1116 | D:2      | Reached XP level 4. HP: 23/30 MP: 4/4
  1234 | D:2      | HP: 1/30 [acid (8)]
  1235 | D:2      | Slain by a jelly

Illustrated notes

Levels and vault maps discovered:
D:1:      dpeg_arrival_simpleton_c, layout_basic
D:2:      cheibrodos_fertilizer, layout_basic, uniq_jessica

Skill      XL: |  1  2  3 |
---------------+----------+-----
Unarmed Combat | 3 |  3.2
Fighting       | |  2.5
Dodging        | |  2.5
Shapeshifting  | |  3.6

Action                     |  1- 3 |  4- 6 || total
---------------------------+-------+-------++-------
  Melee: Unarmed           |    66 |    13 ||    79
         Constrict         |    17 |       ||    17
         Tentacles         |     9 |     2 ||    11
         Punch             |     1 |     2 ||     3
   Stab: Sleeping          |    12 |       ||    12
 Armour: Skin              |     2 |     3 ||     5
  Dodge: Dodged            |    24 |     7 ||    31
         Form:             |     1 |       ||     1
         Beast             |     1 |       ||     1

Table legend: (Time is in decaauts)
 A = Elapsed time spent in this place.
 B = Non-inter-level travel time spent in this place.
 C = Inter-level travel time spent in this place.
 D = Time resting spent in this place.
 E = Time spent auto-exploring this place.
 F = Levels seen in this place.
 G = Mean time per level.
                   A        B        C        D        E       F      G
               +--------+--------+--------+--------+--------+-----+--------+
         Total |   1231 |   1209 |     22 |     17 |    896 |   2 |  615.5 |
       Dungeon |   1231 |   1209 |     22 |     17 |    896 |   2 |  615.5 |
               +--------+--------+--------+--------+--------+-----+--------+

Top non-repeatable levels by time:
     D:1: 682 daAuts
     D:2: 549 daAuts
